 Dungeon Crawl Stone Soup version 0.26-a0-20-g5f92b90fa0 (webtiles) character file.

Game seed: 4721567732240325549, levelgen mode: deterministic

44 Esekla the Magician (level 3, -2/21 HPs)
             Began as a Deep Elf Wanderer on May 25, 2020.
             Was an Initiate of Vehumet.
             Slain by a jackal (3 damage)
             ... on level 2 of the Dungeon.
             The game lasted 00:13:16 (2688 turns).

Esekla the Magician (Deep Elf Wanderer)             Turns: 2688, Time: 00:13:17

Health: -2/21      AC:  3    Str:  8    XL:     3   Next: 39%
Magic:  0/9        EV: 12    Int: 19    God:    Vehumet [......]
Gold:   156        SH:  0    Dex: 13    Spells: 3/7 levels left

rFire    . . .     SeeInvis .   h - +0 dagger
rCold    . . .     Gourm    .   (no shield)
rNeg     . . .     Faith    .   e - +0 robe
rPois    .         Spirit   .   (no helmet)
rElec    .         Reflect  .   (no cloak)
rCorr    .         Harm     .   (no gloves)
MR       .....                  l - +0 pair of boots (curse)
Stlth    ++........             j - amulet of the acrobat
HPRegen  0.07/turn              (no ring)
MPRegen  0.11/turn              (no ring)

@: frozen ramparts, very slightly contaminated
A: no striking features
a: Renounce Religion


You were on level 2 of the Dungeon.
You worshipped Vehumet.
Vehumet was noncommittal.
You were not hungry.

You visited 1 branch of the dungeon, and saw 2 of its levels.

You collected 156 gold pieces.

Inventory:

Hand Weapons
 a - a +2 hand crossbow
 h - a +0 dagger (weapon)
Missiles
 b - 21 bolts
Armour
 e - a +0 robe (worn)
 l - a cursed +0 pair of boots (worn)
Jewellery
 j - an amulet of the acrobat (around neck)
Scrolls
 c - a scroll of fog {unknown}
 d - a scroll of teleportation
 g - 4 scrolls of identify {unknown}
 k - a scroll of magic mapping {unknown}
 n - a scroll of blinking {unknown}
Potions
 i - a potion of stabbing {unknown}
 m - 2 potions of might {unknown}
Comestibles
 f - 4 rations


   Skills:
 + Level 2.2 Fighting
 + Level 0.2 Short Blades
 - Level 1.7 Crossbows
 + Level 1.0 Armour
 * Level 1.2 Dodging
 + Level 1.5 Stealth
 * Level 2.9 Spellcasting
   Level 1.1 Transmutations
   Level 1.1 Fire Magic
 * Level 0.6 Ice Magic
   Level 1.1 Evocations


You had 3 spell levels left.
You knew the following spells:

 Your Spells              Type           Power        Failure   Level  Hunger
a - Freeze                Ice            #...         12%         1    None
r - Frozen Ramparts       Ice            #.....       34%         3    ###....

Your spell library contained the following spells:

 Spells                   Type           Power        Failure   Level  Hunger


Dungeon Overview and Level Annotations

Branches:
Dungeon (2/15)

Altars:
Vehumet


Message History

You hit the jackal but do no damage.
You are starving!
The jackal stops to sniff the ground.
The jackal barely misses you.
You eat one of the 5 rations.
That ration really hit the spot!
The jackal misses you. The worm barely misses you.
The jackal closely misses you.
You hit the jackal.
The jackal is lightly wounded.
The jackal bites you but does no damage.
The worm bites you.
* * * LOW HITPOINT WARNING * * *
Casting: Frozen Ramparts (potentially lethal; 34% risk of failure)
Confirm with . or Enter, or press ? or * to list all spells.
The spell is potentially lethal to cast (34% risk of failure)!
Continue anyway?
The walls around you are covered in ice.
The wall freezes the jackal.
The jackal bites you.
* * * LOW HITPOINT WARNING * * *
The wall freezes the jackal.
The jackal bites you.
You die...

#.#
#..####.#########.#
#.#
#.................#
#.#
#####.####.########
#.####### #.# #.#
#.÷....[# #.# #.#
#######.# #.# #.#
#.# #.# #.# #.# #.#
#w# #.# #.# #@#
##.###.# #h#
##....# #.# #
##..#....# #.# #
#..###.....##.# #
#.## #..⌠....#
####..## .....###
.......# P..#
....##.b..≈≈..#


You could see a worm and a jackal.

Vanquished Creatures
  An adder (D:2)
  An ooze (D:1)
  2 dart slugs (D:1)
  5 goblins
  2 hobgoblins (D:1)
  A jackal (D:2)
  A ball python (D:1)
  2 bats
  3 frilled lizards
  5 kobolds
  6 rats
29 creatures vanquished.

Notes
Turn   | Place    | Note
-------+----------+-------------------------------------------
     0 | D:1      | Esekla the Deep Elf Wanderer began the quest for the Orb.
     0 | D:1      | Esekla set off with the following items: a +2 hand
                  | crossbow, 22 bolts, a scroll of teleportation, a +0 robe, a
                  | ration; and the following spell memorised: Freeze; and the
                  | following spells available to memorise: Frozen Ramparts
     0 | D:1      | Reached XP level 1. HP: 12/12 MP: 5/5
   398 | D:2      | Found a radiant altar of Vehumet.
   408 | D:2      | Became a worshipper of Vehumet
   814 | D:1      | Reached XP level 2. HP: 17/17 MP: 2/7
  1810 | D:1      | Reached skill level 1 in Dodging
  2057 | D:2      | Reached XP level 3. HP: 17/21 MP: 9/9
  2067 | D:2      | Learned a level 3 spell: Frozen Ramparts
  2688 | D:2      | HP: 1/21 [jackal (1)]
  2688 | D:2      | Slain by a jackal

Illustrated notes

Levels and vault maps discovered:
D:1:      psy_arrival_spokes, layout_basic, amethyst_killhole
D:2:      layout_loops_ring, lemuel_crystal_altar, vehumet_crystals,
          tso_oasis_becter, minmay_misc_feat_rugged

Skill      XL: |  1  2 |
---------------+-------+-----
Spellcasting   | 2 |  2.9
Fighting       | 2 |  2.2
Dodging        | 1 |  1.2
Short Blades   | |  0.2
Crossbows      | |  1.7
Armour         | |  1.0
Stealth        | |  1.5
Transmutations | |  1.1
Fire Magic     | |  1.1
Ice Magic      | |  0.6
Evocations     | |  1.1

Action                   || total
-------------------------++-------
Melee: Unarmed           ||     1
       Dagger            ||   114
 Fire: Hand crossbow     ||    13
 Cast: Freeze            ||     8
       Frozen Ramparts   ||     3
 Stab: Sleeping          ||     2
  Eat: Chunk             ||     4
       Ration            ||     1
Armor: Robe              ||    26
Dodge: Dodged            ||    91

Table legend:
 A = Non-vault XP
 B = Vault XP
 C = Vault XP percentage of total XP
 D = Non-vault monster count
 E = Vault monster count
 F = Vault count percentage of total count
                 A         B        C        D         E       F
            +---------+---------+-------+---------+---------+-------
      Total |      63 |       0 |   0.0 |      29 |       0 |   0.0
            +---------+---------+-------+---------+---------+-------
        D:1 |      38 |       0 |   0.0 |      19 |       0 |   0.0
        D:2 |      25 |       0 |   0.0 |      10 |       0 |   0.0
            +---------+---------+-------+---------+---------+-------
